Islanders vs Canucks

Created - 31 janvier 2018 at 17:52

Goals
1 2 3 T
Islanders 0 0 1 1
Canucks 0 2 0 2
Shots
1 2 3 T
Islanders 7 9 9 25
Canucks 8 7 12 27

1st period

No Goal

Penalties :
Cody Ceci (VAN) for Hooking (Minor) at 0:59, Erik Karlsson (VAN) for Slashing (Minor) at 11:51

2nd period

1. Canucks , Chris Kreider 14 (Cody Ceci 7, Adam Henrique 21) at 5:27
2. Canucks , Matt Duchene 11 (Evander Kane 17, Ryan Strome 15) at 7:10

Penalties :
Josh Anderson (NYI) for Tripping (Minor) at 13:11, Cody Ceci (VAN) for Roughing (Minor) at 17:31

3rd period

3. Islanders , Josh Anderson 11 (Colin Wilson 15, Brian Boyle 17) at 6:55

Penalties :
No Penalty

Goalie Stats

Robin Lehner (NYI), 25 saves from 27 shots - (0.926), L, 6-8-1, 60:00 minutes
Devan Dubnyk (VAN), 24 saves from 25 shots - (0.960), W, 24-14-8, 60:00 minutes

Players Stats for Islanders

Player Name              G  A  P  +/- PIM S  H  SB GA TA FO     MP     PP MP  PK MP  
------------------------------------------------------------------------------------
Andy Greene              0  0  0  -1  0   1  0  2  0  0  0/0    21:56   2:46   0:51 
Brian Boyle              0  1  1   0  0   2  0  0  0  0  8/20   16:33   3:21   0:45 
Colin Wilson             0  1  1   0  0   4  0  0  0  0  1/2    16:35   3:21   0:47 
Erik Johnson             0  0  0  -1  0   2  1  4  0  0  0/0    25:22   2:14   1:01 
Josh Anderson            1  0  1   0  2   4  0  0  0  0  0/0    15:47   3:21   0:00 
Josh Jooris              0  0  0   0  0   2  0  0  0  0  3/9    12:16   0:00   0:00 
Lars Eller               0  0  0  -1  0   1  0  0  0  0  7/12   10:55   0:00   0:07 
Luca Sbisa               0  0  0   1  0   0  4  1  0  0  0/0    17:35   2:14   0:00 
Mark Fayne               0  0  0   1  0   0  0  1  0  0  0/0    16:36   1:10   1:08 
Markus Granlund          0  0  0   0  0   1  0  0  0  0  0/1    12:36   0:00   0:20 
Matt Read                0  0  0   0  0   0  1  0  0  0  1/2    12:44   0:28   0:00 
Patrick Sharp            0  0  0   0  0   4  0  0  0  0  0/0    20:19   2:32   1:14 
Pierre-Alexandr Parentea 0  0  0   0  0   0  1  0  0  0  0/1    19:32   2:36   0:23 
Roman Polak              0  0  0  -2  0   2  2  1  0  0  0/0    19:57   2:42   0:51 
Sam Bennett              0  0  0  -1  0   0  1  1  0  0  1/3    10:48   0:00   0:00 
Steven Santini           0  0  0   0  0   0  4  2  0  0  0/0    18:10   0:24   0:07 
Tyler Bozak              0  0  0   0  0   0  1  0  0  0  15/24  19:09   2:36   0:00 
Zack Kassian             0  0  0  -1  0   2  1  0  0  0  0/0    11:10   0:00   0:22 

Players Stats for Canucks

Player Name              G  A  P  +/- PIM S  H  SB GA TA FO     MP     PP MP  PK MP  
------------------------------------------------------------------------------------
Adam Henrique            0  1  1   1  0   1  0  0  0  0  11/26  20:03   0:47   3:47 
Alex Petrovic            0  0  0   1  0   1  0  1  0  0  0/0    13:57   0:00   0:46 
Alex Pietrangelo         0  0  0   0  0   1  3  2  0  0  0/0    24:21   0:54   2:28 
Brayden Point            0  0  0   0  0   0  0  0  0  0  4/4     4:10   0:00   0:00 
Chris Kreider            1  0  1   1  0   6  2  0  0  0  0/1    17:23   0:47   0:00 
Cody Ceci                0  1  1   0  4   1  1  0  0  0  0/0    19:44   1:05   0:56 
Erik Karlsson            0  0  0   0  2   1  3  1  0  0  0/0    23:26   0:54   1:25 
Evander Kane             0  1  1   1  0   1  1  0  0  0  0/0    16:01   0:00   3:59 
Evgeny Kuznetsov         0  0  0   0  0   2  0  0  0  0  10/22  18:30   1:12   0:00 
Jonathan Marchessault    0  0  0   1  0   4  0  0  0  0  0/0    16:16   0:47   0:00 
Logan Shaw               0  0  0  -1  0   1  0  0  0  0  1/1     9:46   0:00   1:40 
Marcus Kruger            0  0  0  -1  0   0  0  0  0  0  6/8     9:46   0:00   1:40 
Matt Duchene             1  0  1   1  0   5  1  0  0  0  4/8    20:14   1:12   0:00 
Mattias Ekholm           0  0  0   0  0   0  0  0  0  0  0/0    22:01   1:05   3:11 
Nathan Beaulieu          0  0  0   1  0   0  0  0  0  0  0/0    16:28   0:00   3:08 
Patrick Marleau          0  0  0   0  0   3  1  0  0  0  0/0    18:48   1:12   0:18 
Robby Fabbri             0  0  0  -1  0   0  0  0  0  0  2/4    12:04   0:00   0:30 
Ryan Strome              0  1  1   1  0   0  0  0  0  0  0/0    11:02   0:00   0:00 

3 Stars

1 - Chris Kreider (VAN)
2 - Devan Dubnyk (VAN)
3 - Matt Duchene (VAN)

Power Play

Islanders - 0 on 3 Attempt(s) - 0.00%
Canucks - 0 on 1 Attempt(s) - 0.00%

Penalty Kill

Islanders - 1 on 1 Attempt(s) - 100.00% - Score 0 goal in Penalty Kill
Canucks - 3 on 3 Attempt(s) - 100.00% - Score 0 goal in Penalty Kill

Team Stat

Islanders - Hits : 16 - Faceoff Wins : 36 - Blocked Shots : 12 - Penalty Minutes : 2
Canucks - Hits : 12 - Faceoff Wins : 38 - Blocked Shots : 4 - Penalty Minutes : 6

Official

Referees : Dan O'Rourke and Mike Leggo
Linesman : Vaughan Rody and Don Henderson

Game Notes

Brayden Point is injured at 2:31 of 2nd period (Upper Body)

Finance

Level 1 -- Attendance: 6013 (92.51%) -- Ticket Income 541 170 $
Level 2 -- Attendance: 5000 (100.00%) -- Ticket Income 350 000 $
Level 3 -- Attendance: 3266 (93.31%) -- Ticket Income 153 502 $
Level 4 -- Attendance: 2910 (100.00%) -- Ticket Income 72 750 $
Luxury Box -- Attendance: 753 (75.30%) -- Ticket Income 188 250 $
Game was played at the Rogers Arena.
Total Attendance: 17942 (94.88%)
Total Ticket Income: 1 305 672 $
Other Income: 195 851 $
Total Income: 1 501 523 $

% Time on Ice - Islanders

Lines # - Real PCT - Wanted PCT - Time Play
Normal Forward
1 - 32% - 40% - 16:24
2 - 24% - 30% - 12:27
3 - 24% - 20% - 12:16
4 - 21% - 10% - 10:48
Normal Defense
1 - 39% - 40% - 20:25
2 - 27% - 30% - 14:06
3 - 29% - 20% - 15:12
4 - 4% - 10% - 2:12
PP Forward
1 - 44% - 60% - 2:36
2 - 56% - 40% - 3:21
PP Defense
1 - 57% - 60% - 3:24
2 - 43% - 40% - 2:33
PK Forward
1 - 81% - 60% - 1:36
2 - 19% - 40% - 0:23
PK Defense
1 - 57% - 60% - 1:08
2 - 43% - 40% - 0:51
PK3 Forward
1 - 0% - 60%
2 - 0% - 40%
PK3 Defense
1 - 0% - 60%
2 - 0% - 40%
44 Forward
1 - 0% - 60%
2 - 0% - 40%
44 Defense
1 - 0% - 60%
2 - 0% - 40%
Last Minute Offensive  - 0:09
Last Minute Defensive  - 0:00
Total
Forward - 60:00
Defense - 60:00

% Time on Ice - Canucks

Lines # - Real PCT - Wanted PCT - Time Play
Normal Forward
1 - 34% - 37% - 17:18
2 - 30% - 32% - 15:29
3 - 22% - 20% - 11:02
4 - 14% - 11% - 7:15
Normal Defense
1 - 39% - 40% - 20:08
2 - 35% - 35% - 17:45
3 - 26% - 25% - 13:11
4 - 0% - 0% - 0:00
PP Forward
1 - 61% - 60% - 1:12
2 - 39% - 40% - 0:47
PP Defense
1 - 45% - 60% - 0:54
2 - 55% - 40% - 1:05
PK Forward
1 - 72% - 60% - 4:17
2 - 28% - 40% - 1:40
PK Defense
1 - 41% - 60% - 2:28
2 - 59% - 40% - 3:29
PK3 Forward
1 - 0% - 60%
2 - 0% - 40%
PK3 Defense
1 - 0% - 60%
2 - 0% - 40%
44 Forward
1 - 0% - 60%
2 - 0% - 40%
44 Defense
1 - 0% - 60%
2 - 0% - 40%
Last Minute Offensive  - 0:00
Last Minute Defensive  - 1:00
Total
Forward - 60:00
Defense - 60:00

Play by Play

1st period


0:01 of 1st period - Tyler Bozak wins face-off versus Evgeny Kuznetsov in neutral zone.
0:09 of 1st period - Shot by Tyler Bozak.
0:09 of 1st period - Shot Blocked by Erik Karlsson.
0:15 of 1st period - Shot by Patrick Marleau.
0:15 of 1st period - Stopped by Robin Lehner with a rebound.
0:37 of 1st period - Shot by Patrick Marleau.
0:37 of 1st period - Stopped by Robin Lehner without a rebound.
0:38 of 1st period - Adam Henrique wins face-off versus Brian Boyle in Islanders zone.
0:41 of 1st period - Shot by Adam Henrique.
0:41 of 1st period - Shot Blocked by Roman Polak.
0:57 of 1st period - Josh Anderson is hit by Cody Ceci and loses puck.
0:59 of 1st period - Minor Penalty to Cody Ceci for Hooking.
1:00 of 1st period - Adam Henrique wins face-off versus Tyler Bozak in Canucks zone.
1:00 of 1st period - Adam Henrique is hit by Tyler Bozak.
1:19 of 1st period - Shot by Patrick Sharp.
1:19 of 1st period - Shot Hit the Post.
1:39 of 1st period - Shot by Logan Shaw.
1:39 of 1st period - Stopped by Robin Lehner with a rebound.
1:44 of 1st period - Icing by Colin Wilson.
1:45 of 1st period - Brian Boyle wins face-off versus Adam Henrique in Islanders zone.
2:09 of 1st period - Shot by Roman Polak.
2:09 of 1st period - Shot Misses the Net.
2:11 of 1st period - Shot by Roman Polak.
2:11 of 1st period - Stopped by Devan Dubnyk without a rebound.
2:12 of 1st period - Adam Henrique wins face-off versus Tyler Bozak in Canucks zone.
2:22 of 1st period - Icing by Patrick Sharp.
2:23 of 1st period - Tyler Bozak wins face-off versus Adam Henrique in Islanders zone.
2:23 of 1st period - Tyler Bozak is hit by Evander Kane.
2:33 of 1st period - Shot by Erik Johnson.
2:33 of 1st period - Stopped by Devan Dubnyk without a rebound.
2:34 of 1st period - Marcus Kruger wins face-off versus Brian Boyle in Canucks zone.
3:00 of 1st period - Adam Henrique is hit by Luca Sbisa and loses puck.
4:17 of 1st period - Shot by Marcus Kruger.
4:17 of 1st period - Shot Misses the Net.
4:19 of 1st period - Shot by Mattias Ekholm.
4:19 of 1st period - Shot Misses the Net.
4:21 of 1st period - Shot by Marcus Kruger.
4:21 of 1st period - Shot Misses the Net.
4:48 of 1st period - Shot by Jonathan Marchessault.
4:48 of 1st period - Shot Blocked by Erik Johnson.
5:51 of 1st period - Shot by Colin Wilson.
5:51 of 1st period - Stopped by Devan Dubnyk without a rebound.
5:52 of 1st period - Matt Duchene wins face-off versus Lars Eller in Canucks zone.
6:00 of 1st period - Icing by Andy Greene.
6:01 of 1st period - Lars Eller wins face-off versus Evgeny Kuznetsov in Islanders zone.
6:56 of 1st period - Shot by Josh Anderson.
6:56 of 1st period - Stopped by Devan Dubnyk without a rebound.
6:57 of 1st period - Tyler Bozak wins face-off versus Adam Henrique in Canucks zone.
7:08 of 1st period - Shot by Adam Henrique.
7:08 of 1st period - Shot Misses the Net.
7:38 of 1st period - Icing by Alex Petrovic.
7:39 of 1st period - Brian Boyle wins face-off versus Adam Henrique in Canucks zone.
8:25 of 1st period - Erik Karlsson is hit by Matt Read and loses puck.
8:41 of 1st period - Evgeny Kuznetsov is hit by Roman Polak and loses puck.
10:12 of 1st period - Shot by Jonathan Marchessault.
10:12 of 1st period - Shot Blocked by Erik Johnson.
10:28 of 1st period - Shot by Chris Kreider.
10:28 of 1st period - Shot Misses the Net.
10:30 of 1st period - Shot by Adam Henrique.
10:30 of 1st period - Stopped by Robin Lehner without a rebound.
10:31 of 1st period - Brayden Point wins face-off versus Brian Boyle in Islanders zone.
10:59 of 1st period - Shot by Colin Wilson.
10:59 of 1st period - Stopped by Devan Dubnyk without a rebound.
11:00 of 1st period - Lars Eller wins face-off versus Evgeny Kuznetsov in Canucks zone.
11:11 of 1st period - Shot by Lars Eller.
11:11 of 1st period - Shot Misses the Net.
11:13 of 1st period - Shot by Zack Kassian.
11:13 of 1st period - Stopped by Devan Dubnyk with a rebound.
11:24 of 1st period - Sam Bennett is hit by Alex Pietrangelo and loses puck.
11:30 of 1st period - Zack Kassian is hit by Alex Pietrangelo.
11:51 of 1st period - Minor Penalty to Erik Karlsson for Slashing.
11:52 of 1st period - Brian Boyle wins face-off versus Adam Henrique in Canucks zone.
12:21 of 1st period - Icing by Erik Johnson.
12:22 of 1st period - Brian Boyle wins face-off versus Adam Henrique in Islanders zone.
13:07 of 1st period - Shot by Andy Greene.
13:07 of 1st period - Shot Misses the Net.
13:54 of 1st period - Off-side.
13:55 of 1st period - Evgeny Kuznetsov wins face-off versus Lars Eller in neutral zone.
14:17 of 1st period - Shot by Patrick Marleau.
14:17 of 1st period - Shot Misses the Net.
14:23 of 1st period - Shot by Matt Duchene.
14:23 of 1st period - Stopped by Robin Lehner without a rebound.
14:24 of 1st period - Tyler Bozak wins face-off versus Marcus Kruger in Islanders zone.
15:08 of 1st period - Icing by Marcus Kruger.
15:09 of 1st period - Josh Jooris wins face-off versus Marcus Kruger in Canucks zone.
15:13 of 1st period - Icing by Alex Pietrangelo.
15:14 of 1st period - Marcus Kruger wins face-off versus Josh Jooris in Canucks zone.
15:58 of 1st period - Icing by Jonathan Marchessault.
15:59 of 1st period - Adam Henrique wins face-off versus Brian Boyle in Canucks zone.
16:04 of 1st period - Shot by Chris Kreider.
16:04 of 1st period - Stopped by Robin Lehner without a rebound.
16:05 of 1st period - Brayden Point wins face-off versus Tyler Bozak in Islanders zone.
17:27 of 1st period - Shot by Colin Wilson.
17:27 of 1st period - Shot Blocked by Alex Pietrangelo.
17:47 of 1st period - Shot by Chris Kreider.
17:47 of 1st period - Stopped by Robin Lehner without a rebound.
17:48 of 1st period - Adam Henrique wins face-off versus Josh Jooris in Islanders zone.
17:51 of 1st period - Shot by Jonathan Marchessault.
17:51 of 1st period - Shot Misses the Net.
17:57 of 1st period - Shot by Chris Kreider.
17:57 of 1st period - Stopped by Robin Lehner without a rebound.
17:58 of 1st period - Brayden Point wins face-off versus Lars Eller in Islanders zone.
18:29 of 1st period - Shot by Sam Bennett.
18:29 of 1st period - Deflect By Lars Eller.
18:29 of 1st period - Shot Misses the Net.
19:40 of 1st period - Shot by Erik Johnson.
19:40 of 1st period - Stopped by Devan Dubnyk with a rebound.
19:54 of 1st period - Icing by Erik Johnson.
19:55 of 1st period - Evgeny Kuznetsov wins face-off versus Brian Boyle in Islanders zone.
Goals for this period are 0 for Islanders vs 0 for Canucks.
Shots for this period are 7 for Islanders vs 8 for Canucks.

2nd period


0:01 of 2nd period - Tyler Bozak wins face-off versus Adam Henrique in neutral zone.
0:36 of 2nd period - Patrick Sharp is hit by Erik Karlsson and loses puck.
1:07 of 2nd period - Shot by Matt Duchene.
1:07 of 2nd period - Shot Misses the Net.
1:09 of 2nd period - Shot by Patrick Marleau.
1:09 of 2nd period - Shot Misses the Net.
1:11 of 2nd period - Shot by Evgeny Kuznetsov.
1:11 of 2nd period - Stopped by Robin Lehner with a rebound.
1:55 of 2nd period - Icing by Colin Wilson.
1:56 of 2nd period - Brayden Point wins face-off versus Brian Boyle in Islanders zone.
2:17 of 2nd period - Shot by Evander Kane.
2:17 of 2nd period - Shot Misses the Net.
2:30 of 2nd period - Brayden Point is hit by Luca Sbisa and loses puck.
2:31 of 2nd period - Brayden Point from Canucks is injured at 2:31 of 2nd period (Upper Body).
2:32 of 2nd period - Adam Henrique wins face-off versus Pierre-Alexandr Parenteau in Islanders zone.
3:25 of 2nd period - Mattias Ekholm is hit by Pierre-Alexandr Parenteau and loses puck.
3:36 of 2nd period - Shot by Markus Granlund.
3:36 of 2nd period - Shot Misses the Net.
3:40 of 2nd period - Shot by Josh Jooris.
3:40 of 2nd period - Stopped by Devan Dubnyk without a rebound.
3:41 of 2nd period - Sam Bennett wins face-off versus Evgeny Kuznetsov in Canucks zone.
3:46 of 2nd period - Shot by Lars Eller.
3:46 of 2nd period - Stopped by Devan Dubnyk with a rebound.
4:16 of 2nd period - Shot by Sam Bennett.
4:16 of 2nd period - Shot Misses the Net.
5:02 of 2nd period - Shot by Patrick Sharp.
5:02 of 2nd period - Stopped by Devan Dubnyk without a rebound.
5:03 of 2nd period - Tyler Bozak wins face-off versus Adam Henrique in Canucks zone.
5:11 of 2nd period - Icing by Mattias Ekholm.
5:12 of 2nd period - Lars Eller wins face-off versus Adam Henrique in Canucks zone.
5:27 of 2nd period - Shot by Chris Kreider.
5:27 of 2nd period - Goal by Chris Kreider - Islanders : 0 - Canucks : 1.
5:28 of 2nd period - Tyler Bozak wins face-off versus Evgeny Kuznetsov in neutral zone.
6:31 of 2nd period - Shot by Chris Kreider.
6:31 of 2nd period - Shot Misses the Net.
7:02 of 2nd period - Icing by Roman Polak.
7:03 of 2nd period - Matt Duchene wins face-off versus Brian Boyle in Islanders zone.
7:10 of 2nd period - Shot by Matt Duchene.
7:10 of 2nd period - Goal by Matt Duchene - Islanders : 0 - Canucks : 2.
7:11 of 2nd period - Marcus Kruger wins face-off versus Matt Read in neutral zone.
7:44 of 2nd period - Erik Karlsson is hit by Erik Johnson and loses puck.
7:49 of 2nd period - Shot by Robby Fabbri.
7:49 of 2nd period - Shot Blocked by Erik Johnson.
7:56 of 2nd period - Icing by Steven Santini.
7:57 of 2nd period - Josh Jooris wins face-off versus Evgeny Kuznetsov in Islanders zone.
8:14 of 2nd period - Icing by Mattias Ekholm.
8:15 of 2nd period - Tyler Bozak wins face-off versus Evgeny Kuznetsov in Canucks zone.
8:16 of 2nd period - Shot by Patrick Sharp.
8:16 of 2nd period - Stopped by Devan Dubnyk with a rebound.
8:22 of 2nd period - Shot by Tyler Bozak.
8:22 of 2nd period - Shot Misses the Net.
8:24 of 2nd period - Shot by Roman Polak.
8:24 of 2nd period - Stopped by Devan Dubnyk without a rebound.
8:25 of 2nd period - Brian Boyle wins face-off versus Adam Henrique in Canucks zone.
8:42 of 2nd period - Shot by Josh Anderson.
8:42 of 2nd period - Stopped by Devan Dubnyk without a rebound.
8:43 of 2nd period - Evgeny Kuznetsov wins face-off versus Tyler Bozak in Canucks zone.
8:50 of 2nd period - Shot by Patrick Marleau.
8:50 of 2nd period - Shot Misses the Net.
8:52 of 2nd period - Shot by Alex Petrovic.
8:52 of 2nd period - Stopped by Robin Lehner with a rebound.
8:54 of 2nd period - Shot by Matt Duchene.
8:54 of 2nd period - Stopped by Robin Lehner without a rebound.
8:55 of 2nd period - Adam Henrique wins face-off versus Brian Boyle in Islanders zone.
9:00 of 2nd period - Shot by Adam Henrique.
9:00 of 2nd period - Shot Misses the Net.
9:04 of 2nd period - Shot by Adam Henrique.
9:04 of 2nd period - Shot Misses the Net.
9:22 of 2nd period - Off-side.
9:23 of 2nd period - Tyler Bozak wins face-off versus Evgeny Kuznetsov in neutral zone.
9:32 of 2nd period - Evgeny Kuznetsov is hit by Luca Sbisa and loses puck.
10:18 of 2nd period - Evander Kane is hit by Luca Sbisa and loses puck.
10:25 of 2nd period - Shot by Evander Kane.
10:25 of 2nd period - Shot Blocked by Luca Sbisa.
10:37 of 2nd period - Icing by Alex Petrovic.
10:38 of 2nd period - Robby Fabbri wins face-off versus Brian Boyle in Canucks zone.
10:44 of 2nd period - Nathan Beaulieu is hit by Steven Santini and loses puck.
11:00 of 2nd period - Icing by Nathan Beaulieu.
11:01 of 2nd period - Josh Jooris wins face-off versus Robby Fabbri in Canucks zone.
11:22 of 2nd period - Shot by Markus Granlund.
11:22 of 2nd period - Stopped by Devan Dubnyk without a rebound.
11:23 of 2nd period - Evgeny Kuznetsov wins face-off versus Sam Bennett in Canucks zone.
13:11 of 2nd period - Minor Penalty to Josh Anderson for Tripping.
13:12 of 2nd period - Evgeny Kuznetsov wins face-off versus Markus Granlund in Islanders zone.
13:31 of 2nd period - Shot by Evgeny Kuznetsov.
13:31 of 2nd period - Stopped by Robin Lehner without a rebound.
13:32 of 2nd period - Adam Henrique wins face-off versus Colin Wilson in Islanders zone.
13:33 of 2nd period - Shot by Erik Karlsson.
13:33 of 2nd period - Stopped by Robin Lehner without a rebound.
13:34 of 2nd period - Colin Wilson wins face-off versus Matt Duchene in Islanders zone.
14:08 of 2nd period - Shot by Alex Pietrangelo.
14:08 of 2nd period - Shot Misses the Net.
16:15 of 2nd period - Shot by Logan Shaw.
16:15 of 2nd period - Shot Blocked by Andy Greene.
16:47 of 2nd period - Marcus Kruger is hit by Sam Bennett and loses puck.
17:31 of 2nd period - Minor Penalty to Cody Ceci for Roughing.
17:32 of 2nd period - Adam Henrique wins face-off versus Brian Boyle in Canucks zone.
18:54 of 2nd period - Shot by Josh Anderson.
18:54 of 2nd period - Deflect By Colin Wilson.
18:54 of 2nd period - Shot Misses the Net.
18:56 of 2nd period - Shot by Steven Santini.
18:56 of 2nd period - Shot Misses the Net.
18:58 of 2nd period - Shot by Patrick Sharp.
18:58 of 2nd period - Stopped by Devan Dubnyk with a rebound.
19:00 of 2nd period - Shot by Brian Boyle.
19:00 of 2nd period - Shot Misses the Net.
19:02 of 2nd period - Shot by Colin Wilson.
19:02 of 2nd period - Stopped by Devan Dubnyk without a rebound.
19:03 of 2nd period - Marcus Kruger wins face-off versus Tyler Bozak in Canucks zone.
Goals for this period are 0 for Islanders vs 2 for Canucks.
Shots for this period are 9 for Islanders vs 7 for Canucks.

3rd period


0:01 of 3rd period - Tyler Bozak wins face-off versus Adam Henrique in neutral zone.
0:01 of 3rd period - Patrick Sharp is hit by Chris Kreider and loses puck.
0:18 of 3rd period - Shot by Jonathan Marchessault.
0:18 of 3rd period - Shot Blocked by Steven Santini.
0:32 of 3rd period - Shot by Jonathan Marchessault.
0:32 of 3rd period - Stopped by Robin Lehner without a rebound.
0:33 of 3rd period - Evgeny Kuznetsov wins face-off versus Brian Boyle in Islanders zone.
0:52 of 3rd period - Icing by Alex Pietrangelo.
0:53 of 3rd period - Matt Read wins face-off versus Evgeny Kuznetsov in Canucks zone.
1:40 of 3rd period - Shot by Jonathan Marchessault.
1:40 of 3rd period - Stopped by Robin Lehner without a rebound.
1:41 of 3rd period - Robby Fabbri wins face-off versus Tyler Bozak in Islanders zone.
1:56 of 3rd period - Shot by Tyler Bozak.
1:56 of 3rd period - Shot Blocked by Alex Petrovic.
2:16 of 3rd period - Shot by Pierre-Alexandr Parenteau.
2:16 of 3rd period - Shot Misses the Net.
2:44 of 3rd period - Shot by Colin Wilson.
2:44 of 3rd period - Shot Misses the Net.
2:46 of 3rd period - Shot by Brian Boyle.
2:46 of 3rd period - Stopped by Devan Dubnyk without a rebound.
2:47 of 3rd period - Adam Henrique wins face-off versus Lars Eller in Canucks zone.
2:54 of 3rd period - Icing by Mark Fayne.
2:55 of 3rd period - Lars Eller wins face-off versus Evgeny Kuznetsov in Islanders zone.
2:55 of 3rd period - Lars Eller is hit by Matt Duchene.
3:05 of 3rd period - Shot by Matt Duchene.
3:05 of 3rd period - Shot Blocked by Sam Bennett.
3:07 of 3rd period - Shot by Cody Ceci.
3:07 of 3rd period - Stopped by Robin Lehner without a rebound.
3:08 of 3rd period - Brian Boyle wins face-off versus Adam Henrique in Islanders zone.
3:22 of 3rd period - Shot by Josh Anderson.
3:22 of 3rd period - Deflect By Colin Wilson.
3:22 of 3rd period - Stopped by Devan Dubnyk with a rebound.
3:24 of 3rd period - Shot by Andy Greene.
3:24 of 3rd period - Stopped by Devan Dubnyk without a rebound.
3:25 of 3rd period - Tyler Bozak wins face-off versus Evgeny Kuznetsov in Canucks zone.
4:12 of 3rd period - Icing by Steven Santini.
4:13 of 3rd period - Tyler Bozak wins face-off versus Chris Kreider in Islanders zone.
4:28 of 3rd period - Shot by Jonathan Marchessault.
4:28 of 3rd period - Stopped by Robin Lehner without a rebound.
4:29 of 3rd period - Matt Duchene wins face-off versus Josh Jooris in Islanders zone.
4:39 of 3rd period - Icing by Roman Polak.
4:40 of 3rd period - Adam Henrique wins face-off versus Josh Jooris in Islanders zone.
5:39 of 3rd period - Shot by Evgeny Kuznetsov.
5:39 of 3rd period - Shot Hit the Post.
5:47 of 3rd period - Shot by Evgeny Kuznetsov.
5:47 of 3rd period - Shot Misses the Net.
5:49 of 3rd period - Shot by Mattias Ekholm.
5:49 of 3rd period - Deflect By Matt Duchene.
5:49 of 3rd period - Stopped by Robin Lehner without a rebound.
5:50 of 3rd period - Tyler Bozak wins face-off versus Matt Duchene in Islanders zone.
6:55 of 3rd period - Shot by Josh Anderson.
6:55 of 3rd period - Goal by Josh Anderson - Islanders : 1 - Canucks : 2.
6:56 of 3rd period - Lars Eller wins face-off versus Adam Henrique in neutral zone.
7:14 of 3rd period - Off-side.
7:15 of 3rd period - Matt Duchene wins face-off versus Brian Boyle in neutral zone.
7:30 of 3rd period - Icing by Andy Greene.
7:31 of 3rd period - Brian Boyle wins face-off versus Adam Henrique in Islanders zone.
7:31 of 3rd period - Colin Wilson is hit by Chris Kreider and loses puck.
8:54 of 3rd period - Cody Ceci is hit by Steven Santini.
9:13 of 3rd period - Icing by Evgeny Kuznetsov.
9:14 of 3rd period - Evgeny Kuznetsov wins face-off versus Josh Jooris in Canucks zone.
10:33 of 3rd period - Shot by Josh Anderson.
10:33 of 3rd period - Stopped by Devan Dubnyk with a rebound.
10:40 of 3rd period - Icing by Alex Pietrangelo.
10:41 of 3rd period - Lars Eller wins face-off versus Robby Fabbri in Canucks zone.
10:48 of 3rd period - Shot by Sam Bennett.
10:48 of 3rd period - Deflect By Zack Kassian.
10:48 of 3rd period - Stopped by Devan Dubnyk without a rebound.
10:49 of 3rd period - Lars Eller wins face-off versus Adam Henrique in Canucks zone.
11:58 of 3rd period - Shot by Patrick Sharp.
11:58 of 3rd period - Stopped by Devan Dubnyk without a rebound.
11:59 of 3rd period - Brian Boyle wins face-off versus Matt Duchene in Canucks zone.
12:18 of 3rd period - Shot by Matt Duchene.
12:18 of 3rd period - Stopped by Robin Lehner without a rebound.
12:19 of 3rd period - Evgeny Kuznetsov wins face-off versus Tyler Bozak in Islanders zone.
12:34 of 3rd period - Shot by Evgeny Kuznetsov.
12:34 of 3rd period - Deflect By Patrick Marleau.
12:34 of 3rd period - Stopped by Robin Lehner without a rebound.
12:35 of 3rd period - Marcus Kruger wins face-off versus Josh Jooris in Islanders zone.
12:40 of 3rd period - Shot by Alex Pietrangelo.
12:40 of 3rd period - Shot Blocked by Steven Santini.
12:42 of 3rd period - Shot by Marcus Kruger.
12:42 of 3rd period - Deflect By Robby Fabbri.
12:42 of 3rd period - Shot Misses the Net.
12:44 of 3rd period - Shot by Robby Fabbri.
12:44 of 3rd period - Shot Misses the Net.
13:01 of 3rd period - Marcus Kruger is hit by Steven Santini and loses puck.
13:14 of 3rd period - Robby Fabbri is hit by Steven Santini and loses puck.
13:29 of 3rd period - Shot by Jonathan Marchessault.
13:29 of 3rd period - Shot Misses the Net.
13:49 of 3rd period - Shot by Chris Kreider.
13:49 of 3rd period - Stopped by Robin Lehner without a rebound.
13:50 of 3rd period - Tyler Bozak wins face-off versus Evgeny Kuznetsov in Islanders zone.
13:52 of 3rd period - Icing by Patrick Sharp.
13:53 of 3rd period - Evgeny Kuznetsov wins face-off versus Tyler Bozak in Islanders zone.
13:53 of 3rd period - Patrick Marleau is hit by Roman Polak and loses puck.
15:01 of 3rd period - Mark Fayne is hit by Patrick Marleau and loses puck.
15:18 of 3rd period - Shot by Jonathan Marchessault.
15:18 of 3rd period - Deflect By Adam Henrique.
15:18 of 3rd period - Shot Blocked by Mark Fayne.
16:44 of 3rd period - Shot by Josh Jooris.
16:44 of 3rd period - Stopped by Devan Dubnyk without a rebound.
16:45 of 3rd period - Logan Shaw wins face-off versus Tyler Bozak in Canucks zone.
16:51 of 3rd period - Tyler Bozak is hit by Erik Karlsson and loses puck.
16:57 of 3rd period - Tyler Bozak is hit by Alex Pietrangelo and loses puck.
17:06 of 3rd period - Shot by Patrick Sharp.
17:06 of 3rd period - Shot Misses the Net.
17:08 of 3rd period - Shot by Luca Sbisa.
17:08 of 3rd period - Shot Blocked by Alex Pietrangelo.
17:13 of 3rd period - Patrick Sharp is hit by Erik Karlsson and loses puck.
17:34 of 3rd period - Shot by Brian Boyle.
17:34 of 3rd period - Stopped by Devan Dubnyk without a rebound.
17:35 of 3rd period - Evgeny Kuznetsov wins face-off versus Lars Eller in Canucks zone.
18:32 of 3rd period - Shot by Jonathan Marchessault.
18:32 of 3rd period - Stopped by Robin Lehner with a rebound.
18:39 of 3rd period - Shot by Jonathan Marchessault.
18:39 of 3rd period - Shot Misses the Net.
18:41 of 3rd period - Shot by Chris Kreider.
18:41 of 3rd period - Stopped by Robin Lehner with a rebound.
19:05 of 3rd period - Marcus Kruger is hit by Zack Kassian.
19:17 of 3rd period - Icing by Erik Johnson.
19:18 of 3rd period - Marcus Kruger wins face-off versus Sam Bennett in Islanders zone.
19:36 of 3rd period - Shot by Erik Karlsson.
19:36 of 3rd period - Deflect By Evander Kane.
19:36 of 3rd period - Stopped by Robin Lehner with a rebound.
19:38 of 3rd period - Shot by Logan Shaw.
19:38 of 3rd period - Shot Blocked by Andy Greene.
19:48 of 3rd period - Shot by Logan Shaw.
19:48 of 3rd period - Shot Blocked by Erik Johnson.
19:50 of 3rd period - Shot by Alex Pietrangelo.
19:50 of 3rd period - Stopped by Robin Lehner without a rebound.
19:51 of 3rd period - Tyler Bozak wins face-off versus Matt Duchene in Islanders zone.
Goals for this period are 1 for Islanders vs 0 for Canucks.
Shots for this period are 9 for Islanders vs 12 for Canucks.